 Dungeon Crawl Stone Soup version 0.23.1-41-g7e51ed3 (webtiles) character file.

Game seed: 5685430661529039454

1395 Borgoz the Ducker (level 9, 0/52 HPs)
             Began as a Kobold Hunter on Mar 29, 2019.
             Was a Follower of Ashenzari.
             Slain by a centaur (6 damage)
             ... on level 6 of the Dungeon.
             The game lasted 00:10:40 (4866 turns).

Borgoz the Ducker (Kobold Hunter)                   Turns: 4866, Time: 00:10:41

Health: 0/52       AC:  5    Str: 12    XL:     9   Next: 0%
Magic:  0/9        EV: 18    Int: 12    God:    Ashenzari [*.....]
Gold:   292        SH:  0    Dex: 16    Spells: 8/8 levels left

rFire    . . .     SeeInvis .   a - +1 dagger (venom)
rCold    . . .     Gourm    .   (shield restricted)
rNeg     + . .     Faith    .   e - +0 troll leather armour
rPois    .         Spirit   +   (no helmet)
rElec    .         Reflect  .   (no cloak)
rCorr    .         Harm     .   (no gloves)
MR       .....                  F - +0 pair of boots
Stlth    ++++......             y - amulet of guardian spirit
HPRegen  0.57/turn              r - ring of stealth
MPRegen  0.11/turn              D - ring of positive energy

@: no status effects
A: small, carnivore
a: Curse Item, Scrying, Renounce Religion


You were on level 6 of the Dungeon.
You worshipped Ashenzari.
Ashenzari was aware of your devotion.
You were very full.

You visited 2 branches of the dungeon, and saw 7 of its levels.

You collected 292 gold pieces.

Inventory:

Hand Weapons
 a - a +1 dagger of venom (weapon)
 b - a +1 hand crossbow
 u - a +3 dagger
 E - a +0 short sword
Missiles
 d - 97 bolts
 t - 8 tomahawks (quivered)
Armour
 e - a +0 troll leather armour (worn)
 i - a +3 leather armour of poison resistance
 F - a +0 pair of boots (worn)
Jewellery
 j - an uncursed ring of protection from fire
 r - a ring of stealth (left hand)
 w - an uncursed ring of flight
 y - an amulet of guardian spirit (around neck)
 D - a ring of positive energy (right hand)
Wands
 n - a wand of flame (3)
 v - a wand of polymorph (6)
 B - a wand of acid (7)
Scrolls
 k - 2 scrolls of remove curse
 l - a scroll of immolation {unknown}
 m - 2 scrolls of teleportation {unknown}
 o - 3 scrolls of noise {unknown}
 q - a scroll of enchant weapon {unknown}
 s - a scroll of fog {unknown}
 z - 4 scrolls of magic mapping {unknown}
 A - a scroll of identify
Potions
 c - 2 potions of brilliance
 g - 2 potions of lignification
 h - 2 potions of agility
 p - a potion of curing {unknown}
 x - 2 potions of ambrosia {unknown}
 C - 2 potions of degeneration {unknown}
Comestibles
 f - 12 rations
 G - 2 chunks of flesh


   Skills:
 + Level 4.2 Fighting
 * Level 6.6 Short Blades
 - Level 5.0 Crossbows
 * Level 4.1 Armour
 * Level 6.6 Dodging
 + Level 5.2 Stealth


You had 8 spell levels left.
You didn't know any spells.
Your spell library was empty.

Dungeon Overview and Level Annotations

Branches:
Dungeon (6/15)             Temple (1/1) D:4

Altars:
Ashenzari
Cheibriados
Dithmenos
Elyvilon
Fedhas
Gozag
Hepliaklqana
Kikubaaqudgha
Nemelex Xobeh
Okawaru
Ru
Trog
Uskayaw
Vehumet
Wu Jian
Yredelemnul
Zin
The Shining One

Shops:
D:4 }

Annotations:
D:5 4 transporters, lapinsky's ghost, novice HOFi


Innate Abilities, Weirdness & Mutations

You are small and have problems with some larger weapons.
You are carnivorous and can eat meat at any time.


Message History

The arrow hits you!
You see here an arrow.
The centaur shoots an arrow.
The arrow closely misses you.
The centaur shoots an arrow.
The arrow hits you!
The centaur shoots an arrow.
The arrow hits you!
You see here 2 arrows.
The centaur shoots an arrow.
The arrow hits you!
* * * LOW HITPOINT WARNING * * *
You see here an arrow.
The centaur shoots an arrow.
The arrow hits you!
* * * LOW HITPOINT WARNING * * *
You see here an arrow.
Okay, then.
Okay, then.
Evoke which item? (* to show all) (? for menu, Esc to quit)
Okay, then.
The centaur unwields a +3 shortbow.
The centaur hits you but does no damage.
The centaur hits you!
You die...

......#...#
#..####.####........
......#...#
##..........)).......
...........
....###.###......^..
......#...# #$..# #.#
#.........
......#...####...# #.#
#......... ......#
..#......###'###......)..
......#
.#......##.....#........
......#
#.....c.#.....#........
......#
#.....@.#.....#........
......#
##.....(.##'####........
......#
#......(.##....#>.......
#'##.##
#.#.#..(..#....#........
#.##.# # #
#...#.#....#...(....
#.##.# #.#(..#......#
#.##.# # #.#(..##.....#
#.##.# #.# #.#...##.....#
..##.# ....#.....##.....#


You could see a centaur.

Vanquished Creatures
  Eustachio (D:6)
  Duvessa (D:6)
  An ice beast (D:6)
  2 orc warriors (D:6)
  An ogre (D:4)
  A centaur (D:3)
  Blork the orc (D:6)
  2 gnoll sergeants (D:6)
  Dowan (D:6)
  A scorpion (D:4)
  2 hounds (D:4)
  An orc priest (D:6)
  4 orc wizards
  A worker ant (D:4)
  5 adders
  A shadow imp (D:5)
  3 oozes
  2 adder skeletons
  3 dart slugs
  5 leopard geckos
  13 orcs
  3 ball pythons
  10 giant cockroaches
  A goblin (D:2)
  8 hobgoblins
  8 jackals
  8 kobolds
  5 quokkas
  7 bats
  8 frilled lizards
  7 rats
117 creatures vanquished.

Notes
Turn   | Place    | Note
-------+----------+-------------------------------------------
     0 | D:1      | Borgoz the Kobold Hunter began the quest for the Orb.
     0 | D:1      | Reached XP level 1. HP: 12/12 MP: 1/1
   181 | D:1      | Reached XP level 2. HP: 17/17 MP: 2/2
   198 | D:1      | Reached skill level 1 in Short Blades
   293 | D:1      | Reached XP level 3. HP: 22/22 MP: 3/3
   391 | D:1      | Reached skill level 5 in Crossbows
   909 | D:2      | Reached skill level 1 in Armour
   952 | D:2      | Reached XP level 4. HP: 27/27 MP: 4/4
  1065 | D:2      | Found a blossoming altar of Fedhas.
  1625 | D:3      | Reached XP level 5. HP: 31/31 MP: 5/5
  1758 | D:3      | Found a faded altar of an unknown god.
  1891 | D:3      | Noticed a centaur
  1895 | D:3      | Killed a centaur
  1977 | D:3      | Reached XP level 6. HP: 36/36 MP: 6/6
  2389 | D:3      | Found a hide-covered altar of Uskayaw.
  2728 | D:4      | Found a staircase to the Ecumenical Temple.
  2780 | Temple   | Entered the Ecumenical Temple
  2840 | Temple   | Became a worshipper of Ashenzari the Shackled
  2913 | D:4      | Found Xiwniddau's Gadget Shoppe.
  3031 | D:4      | Reached XP level 7. HP: 34/41 MP: 7/7
  3428 | D:4      | Reached skill level 5 in Dodging
  3505 | D:4      | Found a sacrificial altar of Ru.
  3634 | D:5      | Entered Level 5 of the Dungeon
  3777 | D:5      | Found a transporter.
  3846 | D:5      | Found a transporter.
  4020 | D:5      | Reached * piety under Ashenzari
  4058 | D:5      | Noticed lapinsky's ghost (novice HOFi)
  4059 | D:5      | Found a transporter.
  4063 | D:5      | Found a transporter.
  4336 | D:6      | Noticed Blork the orc
  4342 | D:6      | Killed Blork the orc
  4342 | D:6      | Reached skill level 5 in Short Blades
  4349 | D:6      | Reached XP level 8. HP: 35/48 MP: 1/8
  4638 | D:6      | Noticed Eustachio
  4653 | D:6      | Noticed Duvessa
  4677 | D:6      | Killed Duvessa
  4678 | D:6      | Noticed Dowan
  4724 | D:6      | Killed Eustachio
  4724 | D:6      | Reached skill level 5 in Stealth
  4736 | D:6      | Killed Dowan
  4736 | D:6      | Reached XP level 9. HP: 26/52 MP: 2/9
  4866 | D:6      | Slain by a centaur

Skill      XL: |  1  2  3  4  5  6  7  8 |
---------------+-------------------------+-----
Short Blades   | 1 2 3 4 5 6 |  6.6
Dodging        | 3 4 5 6 |  6.6
Crossbows      | 5 |  5.0
Stealth        | 2 3 4 5 |  5.2
Armour         | 1 2 3 4 |  4.1
Fighting       | 3 4 |  4.2

Action                   |  1- 3 |  4- 6 |  7- 9 || total
-------------------------+-------+-------+-------++-------
Melee: Hand crossbow     |       |     1 |       ||     1
       Dagger            |       |       |   107 ||   107
 Fire: Hand crossbow     |    69 |   133 |    87 ||   289
Throw: Throwing net      |       |       |     1 ||     1
       Tomahawk          |       |       |     1 ||     1
  Use: Scroll            |     2 |     2 |       ||     4
       Potion            |       |       |     5 ||     5
 Stab: Held in net/web   |       |       |     1 ||     1
  Eat: Chunk             |     8 |     7 |     5 ||    20
Armor: Troll leather arm |     5 |    13 |    27 ||    45
Dodge: Dodged            |    27 |    72 |   157 ||   256
